 Dungeon Crawl Stone Soup version 0.31.0-1-g2c135a008e (webtiles) character file.

Game seed: 8248195583268958472

3806 qw the Skirmisher (level 10, -2/73 HPs)
             Began as a Djinni Hunter on Jan 24, 2024.
             Was a Believer of Okawaru.
             Slain by an orc warrior
             ... wielding a +0 dire flail
             ... summoned by a boggart
              (15 damage)
             ... on level 8 of the Dungeon.
             The game lasted 00:00:30 (6331 turns).

qw the Skirmisher (Djinni Hunter)                   Turns: 6331, Time: 00:00:30

Health: -2/73      AC: 11    Str: 10    XL:     10   Next: 39%
Gold:   426        EV: 15    Int: 11    God:    Okawaru [**....] SH:  0 Dex: 21

rFire   + + .        e - +1 arbalest
rCold   . . .        (shield currently unavailable)
rNeg    . . .        d - +0 ring mail
rPois   inf          (no helmet)
rElec   .            b - +0 cloak
rCorr   .            m - +0 pair of gloves
SInv    .            (boots unavailable)
Will    +....        (no amulet)
Stlth   +            f - ring of protection from cold
HPRegen 0.32/turn    i - +4 ring of protection
MPRegen 0.00/turn

%: infuse magic (-3 HP)
@: flying
A: sickness immunity, fire resistance 2, cold vulnerability 1, float, innate
caster, HP casting, extra vitality 1
a: Renounce Religion, Heroism


You were on level 8 of the Dungeon.
You worshipped Okawaru.
Okawaru was pleased with you.
You visited 2 branches of the dungeon, and saw 9 of its levels.

You collected 426 gold pieces.


Innate Abilities, Weirdness & Mutations

You are immune to sickness and miasma.
You are immune to poison.
Your flesh is very heat resistant. (rF++)
You are vulnerable to cold. (rC-)
You float through the air rather than walking.
You learn spells naturally, not from books.
Your magical power is your life essence.
You have superior vitality. (+4 MHP)


   Skills:
 + Level 6.7 Fighting
 - Level 9.0 Ranged Weapons
 - Level 3.1 Armour
 - Level 7.7 Dodging
 - Level 0.7 Stealth
 + Level 2.7 Invocations


You knew the following spells:

 Your Spells              Type           Power      Damage    Failure   Level
a - Necrotise             Necr           0%         1d4       65%         1
b - Jinxbite              Hex            0%         N/A       78%         2
c - Blink                 Tloc           0%         N/A       78%         2
d - Dimensional Bullseye  Hex/Tloc       0%         N/A       100%        4
Your spell library was empty.

Inventory:

Hand Weapons
 e - a +1 arbalest (weapon)
Armour
 b - a +0 cloak (worn)
 c - the +1 leather armour of Cithir Kodoy {rF+ Str+2 Int+2 Dex-2}
   (You found it on level 2 of the Dungeon)

   Str+2:     It affects your strength (+2).
   Int+2:     It affects your intelligence (+2).
   Dex-2:     It affects your dexterity (-2).
   rF+:       It protects you from fire.
 d - a +0 ring mail (worn)
 m - a +0 pair of gloves (worn)
Jewellery
 f - a ring of protection from cold (left hand)
 i - a +4 ring of protection (right hand)
 j - a +6 ring of strength
Wands
 g - a wand of charming (9)
Potions
 a - a potion of haste {unknown}
 h - a potion of might
 l - a potion of mutation {unknown}

Dungeon Overview and Level Annotations

Branches:
Dungeon (8/15)             Temple (1/1) D:4
   Lair: D:8-11

Altars:
Ashenzari
Dithmenos
Elyvilon
Fedhas
Gozag
Hepliaklqana
Makhleb
Nemelex Xobeh
Okawaru
Qazlal
Ru
Trog
Uskayaw
Wu Jian
Xom
Yredelemnul
Zin
The Shining One

Shops:
D:4 :


Message History

The two-headed ogre misses you. x2
You shoot a bolt. The bolt hits the two-headed ogre!!
You kill the two-headed ogre!
Okawaru accepts your kill.
The orc wizard gestures wildly while chanting.
The orc wizard flickers and vanishes!
Something hits you but does no damage.
Your Invocations skill gained 2 levels and is now at level 2!
You shoot a bolt.
The bolt hits the orc warrior but does no damage.
Something hits you but does no damage. The orc priest misses you.
You shoot a bolt. The bolt barely misses the orc warrior.
You feel like a meek peon again. Something hits you but does no damage.
The orc priest hits you but does no damage.
Something hits you but does no damage.
You shoot a bolt. The bolt hits the orc warrior!
The orc warrior is moderately wounded.
Something barely misses you.
The orc priest calls down the wrath of Beogh upon you.
Beogh smites you! Something barely misses you.
The orc priest calls upon Beogh to heal the orc warrior.
The orc warrior is healed somewhat.
You shoot a bolt. The bolt hits the orc warrior!
The orc warrior is severely wounded.
Something hits you but does no damage. The orc priest closely misses you.
Something hits you but does no damage.
You shoot a bolt.
The bolt closely misses the orc warrior.
The orc priest miscasts a cantrip.
Something hits you but does no damage. The orc priest barely misses you.
You shoot a bolt. Something hits you but does no damage.
You hear some strange, mumbled words.
The orc priest hits you from afar with a +0 trident.
You shoot a bolt.
The bolt closely misses the orc warrior.
The bolt closely misses the orc.
The orc priest looks encouraged for a moment.
The orc warrior hits you with a +0 dire flail!
You die...

....(.....#
#########.######..
### #......... ##..
#..######. ...8.
##..# 8....# #...#
......###.(#
O.........D######.##
.........{oo@.......
.........oo######>##
......###..# 8....#
#...# ...8. ###.#
##.. #.# ## #.# #.#
.#


You could see a steam dragon (summoned), an orc warrior (summoned), an orc
priest (summoned) and 2 orcs.

Vanquished Creatures
  2 two-headed ogres (D:8)
  A hornet (D:6)
  An ice beast (D:8)
  An orc warrior (D:6)
  2 black bears (D:5)
  An ogre (D:6)
  2 centaurs (D:5)
  A phantom (D:6)
  A kobold brigand (D:7)
  2 bullfrogs
  5 wights (D:6)
  4 howler monkeys
  2 bombardier beetles
  3 hounds
  3 orc priests
  A gnoll bouda (D:5)
  3 jellies
  3 iron imps (D:7)
  3 sleepcaps
  4 iguanas
  8 orc wizards
  7 gnolls
  13 adders
  2 ufetubi (D:6)
  2 dart slugs
  3 ribbon worms
  26 orcs
  8 ball pythons
  5 bats
  5 endoplasms
  3 giant cockroaches
  11 goblins
  8 hobgoblins
  2 jackals (D:2)
  6 quokkas
  5 frilled lizards
  10 kobolds
  9 rats
178 creatures vanquished.

Notes
Turn   | Place    | Note
-------+----------+-------------------------------------------
     0 | D:1      | qw the Djinni Hunter began the quest for the Orb.
     0 | D:1      | Reached XP level 1. HP: 18/18 MP: 0/0
     0 | D:1      | 0 ||| qw: Version: 0.3-a-136-gdd3b4e8
     0 | D:1      | 0 ||| qw: Game counter: 1310
     0 | D:1      | 0 ||| qw: Melee chars always use a shield: true
     0 | D:1      | 0 ||| qw: God list: Okawaru
     0 | D:1      | 0 ||| qw: Allow faded altars: false
     0 | D:1      | 0 ||| qw: Do Orc after clearing Dungeon:15 true
     0 | D:1      | 0 ||| qw: Do second Lair branch before Depths: true
     0 | D:1      | 0 ||| qw: Lair rune preference: random
     0 | D:1      | 0 ||| qw: Goals: Normal
     0 | D:1      | 0 ||| PLANNING D:1-11
    64 | D:1      | Reached XP level 2. HP: 23/23 MP: 0/0
   124 | D:1      | 124 ||| SWAPPING to +0 arbalest.
   125 | D:1      | 125 ||| DROPPING +0 shortbow.
   195 | D:1      | Reached XP level 3. HP: 28/28 MP: 0/0
   195 | D:1      | Learned a level 1 spell: Necrotise
   205 | D:1      | Reached skill level 4 in Ranged Weapons
   838 | D:1      | 838 ||| UPGRADING to +0 ring mail.
   848 | D:1      | 848 ||| DROPPING +0 leather armour.
   849 | D:1      | 849 ||| DRINKING 2 bubbling green potions.
   876 | D:1      | 876 ||| DROPPING potion of lignification.
   877 | D:1      | 877 ||| DROPPING scroll of butterflies.
   955 | D:2      | Reached skill level 1 in Armour
  1059 | D:2      | Reached XP level 4. HP: 34/34 MP: 0/0
  1194 | D:2      | 1194 ||| FLEEEEING.
  1238 | D:2      | Reached skill level 3 in Fighting
  1251 | D:2      | Identified the +1 leather armour of Cithir Kodoy {rF+ Str+2
                  | Int+2 Dex-2}
  1941 | D:2      | 1941 ||| READING scroll labelled JICROA KIREMETU.
  1944 | D:2      | 1944 ||| READING 2 scrolls labelled YMPOAN QESUIW.
  1944 | D:2      | 1944 ||| IDENTIFYING cyan potion
  1945 | D:2      | 1945 ||| READING scroll of identify.
  1945 | D:2      | 1945 ||| IDENTIFYING yellow potion
  1946 | D:2      | 1946 ||| READING scroll labelled WITUMM TAIRRUR.
  1947 | D:2      | 1947 ||| READING scroll labelled NARUJY IMIFET.
  1948 | D:2      | 1948 ||| READING 3 scrolls labelled YNYOBR HARR.
  1949 | D:2      | 1949 ||| READING scroll labelled SIDWIY KUANOMPEWE.
  1950 | D:2      | 1950 ||| READING scroll labelled ZAUGGATU PYBU.
  1951 | D:2      | 1951 ||| DROPPING potion of invisibility.
  1952 | D:2      | 1952 ||| DROPPING potion of berserk rage.
  1953 | D:2      | 1953 ||| DROPPING 2 scrolls of poison.
  2086 | D:3      | Reached XP level 5. HP: 40/40 MP: 0/0
  2086 | D:3      | Learned a level 2 spell: Jinxbite
  2717 | D:4      | Reached skill level 5 in Ranged Weapons
  2770 | D:4      | Found a staircase to the Ecumenical Temple.
  2771 | D:4      | 2771 ||| PLANNING TEMPLE
  2771 | D:4      | 2771 ||| READING scroll labelled GAGOLL TYUHU.
  2772 | D:4      | 2772 ||| READING scroll labelled MIVAERR HESK.
  2772 | D:4      | 2772 ||| ENCHANTING +0 arbalest.
  2781 | D:4      | Reached XP level 6. HP: 46/46 MP: 0/0
  2809 | Temple   | Entered the Ecumenical Temple
  2810 | Temple   | 2810 ||| PLANNING D:1-11
  2842 | D:4      | Found Pyanemer's Book Shop.
  2865 | D:4      | Reached skill level 3 in Dodging
  3209 | D:4      | 3209 ||| UPGRADING to +0 cloak.
  3214 | D:4      | 3214 ||| UPGRADING to ring of protection from cold.
  3215 | D:4      | 3215 ||| UPGRADING to +4 ring of protection.
  3216 | D:4      | 3216 ||| READING 2 scrolls of identify.
  3216 | D:4      | 3216 ||| IDENTIFYING fizzy amethyst potion
  3217 | D:4      | 3217 ||| READING scroll of identify.
  3217 | D:4      | 3217 ||| IDENTIFYING scroll labelled CUPLUA HEIZ
  3218 | D:4      | 3218 ||| DROPPING scroll of amnesia.
  3244 | D:5      | Entered Level 5 of the Dungeon
  3244 | D:5      | Noticed a black bear
  3248 | D:5      | Killed a black bear
  3249 | D:5      | Reached XP level 7. HP: 52/52 MP: 0/0
  3249 | D:5      | Learned a level 2 spell: Blink
  3271 | D:5      | Found a hazy altar of Hepliaklqana.
  3288 | D:5      | 3288 ||| READING scroll labelled SAPOGY VERERAFF.
  3371 | D:5      | Reached skill level 6 in Ranged Weapons
  3464 | D:5      | Found a shimmering altar of Xom.
  3514 | D:5      | Reached XP level 8. HP: 51/58 MP: 0/0
  3655 | D:5      | Found a blossoming altar of Fedhas.
  4062 | D:6      | Reached skill level 7 in Ranged Weapons
  4206 | D:6      | HP: 5/58 [orc warrior/+0 trident (11)]
  4207 | D:6      | 4207 ||| READING scroll of teleportation.
  4208 | D:6      | 4208 ||| DRINKING 2 potions of heal wounds.
  4415 | D:6      | Found a sparkling altar of Nemelex Xobeh.
  4423 | D:6      | Noticed a hornet
  4424 | D:6      | 4424 ||| RETREEEEATING.
  4431 | D:6      | Reached XP level 9. HP: 58/65 MP: 0/0
  4431 | D:6      | Learned a level 4 spell: Dimensional Bullseye
  4435 | D:6      | Killed a hornet
  4436 | D:6      | Reached skill level 8 in Ranged Weapons
  4449 | D:6      | 4449 ||| FLEEEEING.
  4450 | D:6      | 4450 ||| FLEEEEING.
  4451 | D:6      | 4451 ||| FLEEEEING.
  4452 | D:6      | 4452 ||| FLEEEEING.
  4583 | D:6      | 4583 ||| RETREEEEATING.
  4585 | D:6      | 4585 ||| RETREEEEATING.
  4586 | D:6      | 4586 ||| RETREEEEATING.
  4587 | D:6      | 4587 ||| RETREEEEATING.
  4588 | D:6      | 4588 ||| RETREEEEATING.
  4602 | D:6      | Reached skill level 6 in Fighting
  5139 | D:6      | Found an iron altar of Okawaru.
  5139 | D:6      | Found a glowing golden altar of the Shining One.
  5140 | D:6      | 5140 ||| PLANNING OKAWARU WORSHIP
  5140 | D:6      | 5140 ||| READING scroll of identify.
  5140 | D:6      | 5140 ||| IDENTIFYING gluggy clear potion
  5141 | D:6      | 5141 ||| DROPPING wand of flame (2).
  5146 | D:6      | Became a worshipper of Warmaster Okawaru
  5147 | D:6      | 5147 ||| PLANNING D:1-11
  5493 | D:7      | 5493 ||| RETREEEEATING.
  5495 | D:7      | 5495 ||| RETREEEEATING.
  5676 | D:7      | Reached skill level 9 in Ranged Weapons
  5728 | D:7      | Found a white marble altar of Elyvilon.
  6111 | D:7      | Found a burning altar of Makhleb.
  6211 | D:7      | 6211 ||| UPGRADING to +0 pair of gloves.
  6260 | D:7      | Found an opulent altar of Gozag.
  6283 | D:8      | Reached skill level 3 in Armour
  6294 | D:8      | Noticed a two-headed ogre
  6294 | D:8      | Noticed a two-headed ogre
  6295 | D:8      | 6295 ||| RETREEEEATING.
  6297 | D:8      | 6297 ||| RETREEEEATING.
  6298 | D:8      | 6298 ||| RETREEEEATING.
  6299 | D:8      | 6299 ||| RETREEEEATING.
  6300 | D:8      | 6300 ||| RETREEEEATING.
  6308 | D:8      | Killed a two-headed ogre
  6308 | D:8      | Reached * piety under Okawaru
  6308 | D:8      | Reached ** piety under Okawaru
  6309 | D:8      | Reached XP level 10. HP: 37/72 MP: 0/0
  6310 | D:8      | 6310 ||| INVOKING Heroism.
  6317 | D:8      | HP: 16/72 [two-headed ogre/+0 giant club (6)]
  6318 | D:8      | 6318 ||| DRINKING potion of heal wounds.
  6319 | D:8      | 6319 ||| INVOKING Heroism.
  6324 | D:8      | Killed a two-headed ogre
  6327 | D:8      | HP: 16/73 [orc priest/divine providence[a boggart] (16)]
  6331 | D:8      | Slain by an orc warrior

Levels and vault maps discovered:
D:1:      scummos_arrival_forest, layout_basic, serial_aquarium,
          aquarium_bridge_long_separate [aquarium_subvault_bridge,
          aquarium_subvault_bridge, aquarium_subvault_wall,
          aquarium_subvault_wall, aquarium_subvault_bridge,
          aquarium_subvault_window], aquarium_window_fake, aquarium_window_1,
          aquarium_window_fake, aquarium_view_2c, aquarium_view_2f,
          aquarium_balcony_3b
D:2:      layout_basic, minmay_three_crescents
D:3:      layout_basic, amethyst_killhole
D:4:      layout_basic, minmay_temple_entry_mini_moons, serial_shops,
          nicolae_shop_pleasant_corner_grove
D:5:      layout_layer_cave, fedhas_bush_and_centaur_altar,
          mainiacjoe_overflow_alcove_2, mainiacjoe_overflow_cross_hatched
D:6:      layout_basic, nemelex_xobeh_ov_fountains_minmay,
          gammafunk_temple_overflow_statue
D:7:      layout_basic, nicolae_overflow_hidden_temple, elyvilon_altar_4,
          demons_altar
D:8:      gammafunk_cloud_chamber, layout_loops_ring,
          lemuel_mausoleum_altar_kikubaaqudgha,
          serial_library_hellmonk_recessed_alcove, minmay_misc_feat_columns,
          nicolae_phantomly_mirrored
Temple:   hellmonk_temple_rainy

Skill      XL: |  1  2  3  4  5  6  7  8  9 10 |
---------------+-------------------------------+-----
Ranged Weapons | 4 5 6 7 9 |  9.0
Armour         | 1 2 3 |  3.1
Fighting       | 3 4 5 6 |  6.7
Dodging        | 3 4 7 |  7.7
Invocations    | 2 |  2.7
Stealth        | |  0.7

Action                     |  1- 3 |  4- 6 |  7- 9 | 10-12 || total
---------------------------+-------+-------+-------+-------++-------
   Fire: Shortbow          |    15 |       |       |       ||    15
         Arbalest          |    54 |   155 |   257 |    20 ||   486
 Invoke: Heroism           |       |       |       |     2 ||     2
    Use: Potion            |     1 |       |     1 |     1 ||     3
         Scroll            |       |    12 |     3 |       ||    15
 Armour: Leather armour    |    19 |       |       |       ||    19
         Ring mail         |     4 |    61 |   158 |    18 ||   241
  Dodge: Dodged            |    15 |    71 |   112 |    23 ||   221

Table legend:
 A = Non-vault XP
 B = Vault XP
 C = Vault XP percentage of total XP
 D = Non-vault monster count
 E = Vault monster count
 F = Vault count percentage of total count
                 A         B        C        D         E       F
            +---------+---------+-------+---------+---------+-------
      Total |    3540 |    1898 |  34.9 |     165 |      12 |   6.8
            +---------+---------+-------+---------+---------+-------
        D:1 |      50 |       0 |   0.0 |      29 |       0 |   0.0
        D:2 |      51 |      21 |  29.2 |      15 |       6 |  28.6
        D:3 |      88 |       0 |   0.0 |      19 |       0 |   0.0
        D:4 |     226 |       0 |   0.0 |      21 |       0 |   0.0
        D:5 |     899 |     112 |  11.1 |      33 |       1 |   2.9
        D:6 |    1563 |       0 |   0.0 |      32 |       0 |   0.0
        D:7 |     531 |     119 |  18.3 |      15 |       3 |  16.7
        D:8 |     132 |    1646 |  92.6 |       1 |       2 |  66.7
            +---------+---------+-------+---------+---------+-------
